 Dungeon Sprint DCSS version 0.31-a0-1620-gcbf77bbcfc (webtiles) character file.

Game seed: 1334095882559779935

725 zazu2006 the Thrower (level 7, -3/58 HPs)
             Began as a Gnoll Wanderer on Jan 11, 2024.
             Was a High Priest of Vehumet.
             Slain by an orc warrior
             ... wielding a +0 war axe
              (17 damage)
             ... in the Dungeon (Sprint VII: "The Pits").
             The game lasted 00:06:20 (465 turns).

zazu2006 the Thrower (Gnoll Wanderer)                Turns: 465, Time: 00:06:21

Health: -3/58      AC:  8    Str: 13    XL:     7   Next: 71%
Magic:  18/18      EV: 11    Int: 11    God:    Vehumet [*****.]
Gold:   0          SH:  0    Dex: 12    Spells: 19/21 levels left

rFire   . . .        r - +1 long sword (flame)
rCold   . . .        (no shield)
rNeg    . . .        c - +0 scale mail
rPois   .            (no helmet)
rElec   .            (no cloak)
rCorr   .            (no gloves)
SInv    .            (no boots)
Will    .....        (no amulet)
Stlth   ++           (no ring)
HPRegen 0.29/turn    (no ring)
MPRegen 0.16/turn

%: no teleportation
@: no status effects
A: fangs 1, strong nose, distributed training
a: Renounce Religion


You were in the Dungeon.
You worshipped Vehumet.
Vehumet was extremely pleased with you.
You visited 1 branch

Inventory:

Hand Weapons
 a - a +1 dagger of venom
 k - a +2 dagger of draining
 r - a +1 long sword of flaming (weapon)
Missiles
 b - 3 curare-tipped darts (quivered)
Armour
 c - a +0 scale mail (worn)
 q - a +3 chain mail
Scrolls
 d - a scroll of teleportation
 j - a scroll of blinking
 n - 2 scrolls of vulnerability
 o - 5 scrolls of amnesia
Potions
 e - 6 potions of curing
 f - 3 potions of heal wounds
 g - a potion of haste
 h - 4 potions of magic
 i - 2 potions of berserk rage
 m - a potion of invisibility


   Skills:
 + Level 6.0 Fighting
 + Level 6.0 Short Blades
 + Level 6.0 Long Blades
 + Level 6.0 Axes
 + Level 6.0 Maces & Flails
 + Level 6.0 Polearms
 + Level 6.0 Staves
 + Level 6.0 Ranged Weapons
 + Level 10.5 Throwing
 + Level 9.0 Armour
 + Level 6.0 Dodging
 + Level 6.0 Stealth
 + Level 6.0 Shields
 + Level 6.0 Unarmed Combat
 + Level 7.9 Spellcasting
 + Level 5.0 Conjurations
 + Level 5.0 Hexes
 + Level 5.0 Summonings
 + Level 5.0 Necromancy
 + Level 5.5 Translocations
 + Level 5.0 Fire Magic
 + Level 5.0 Ice Magic
 + Level 5.0 Air Magic
 + Level 5.0 Earth Magic
 + Level 5.0 Alchemy
 + Level 6.6 Invocations
 + Level 6.0 Evocations
 + Level 5.5 Shapeshifting


You had 19 spell levels left.
You knew the following spells:

 Your Spells              Type           Power      Damage    Failure   Level
a - Foxfire               Conj/Fire      60%        2x1d7     2%          1
k - Apportation           Tloc           32%        N/A       6%          1

Your spell library contained the following spells:

 Spells                   Type           Power      Damage    Failure   Level
 Frozen Ramparts          Ice            30%        1d5       6%          3
 Volatile Blastmotes      Fire/Tloc      30%        2d12      5%          3


Dungeon Overview and Level Annotations

Branches:
Dungeon (1/1)

Altars:
Ashenzari
Cheibriados
Dithmenos
Elyvilon
Fedhas
Gozag
Hepliaklqana
Kikubaaqudgha
Makhleb
Nemelex Xobeh
Okawaru
Qazlal
Ru
Sif Muna
Trog
Uskayaw
Vehumet
Wu Jian
Xom
Yredelemnul
Zin
The Shining One
Jiyva
Lugonu


Innate Abilities, Weirdness & Mutations

You have very sharp teeth.
Your uncanny sense of smell can sniff out nearby items.
Your experience applies equally to all skills.


Message History

Your small abomination hits the orc warrior.
The orc warrior closely misses your small abomination.
Your small abomination barely misses the orc warrior.
The orc warrior curses repeatedly, as Orcs often do.
The orc warrior hits your small abomination with a +0 war axe!
Your small abomination hits the orc warrior.
The orc warrior hits your small abomination with a +0 war axe!
Your small abomination barely misses the orc warrior.
Your small abomination hits the orc warrior but does no damage.
The orc warrior closely misses your small abomination.
Your small abomination hits the orc warrior!
The orc warrior misses your small abomination.
Your small abomination closely misses the orc warrior.
The orc priest invokes the aid of Beogh against you.
Beogh smites you!
* * * LOW HITPOINT WARNING * * *
The orc warrior hits your small abomination with a +0 war axe!
Your small abomination is destroyed!
Your small abomination dissolves into shadows!
You feel much better.
The orc priest looks satisfied for a moment.
You hit the orc warrior but do no damage.
The orc warrior is heavily wounded.
The orc warrior hits you with a +0 war axe.
You hit the orc warrior but do no damage.
You punch the orc warrior, but do no damage.
The orc warrior is heavily wounded.
The orc warrior hits you with a +0 war axe!
You closely miss the orc warrior.
The orc warrior is heavily wounded.
The orc warrior hits you with a +0 war axe.
The orc warrior misses you.
You hit the orc warrior but do no damage.
The orc warrior is heavily wounded.
The orc warrior hits you with a +0 war axe!
* * * LOW HITPOINT WARNING * * *
You barely miss the orc warrior.
The orc warrior is heavily wounded.
The orc warrior hits you with a +0 war axe!
You die...

#.##)#..#'###...<...#
#÷#..†.....##.......#
#)#........##.......#
#'###########.......#
#.†))...#.. #########
#.###...#o#
#.#.....#o# ∆∆∆∆
#.#...#.#o# ∆
#.....#.#@+ ∆
#...###.#'# ∆
#.......'.# ∆
###########


You could see an orc warrior, an orc priest and an orc.

Vanquished Creatures
  A wolf (D)
  3 necrophages (D)
  A scorpion (D)
  A crimson imp (D)
  2 orc priests (D)
  An iguana (D)
  An adder (D)
  A river rat (D)
  3 orcs (D)
  A giant cockroach (D)
  5 jackals (D)
  A quokka (D)
  2 frilled lizards (D)
23 creatures vanquished.

Vanquished Creatures (collateral kills)
  A komodo dragon (D)
1 creature vanquished.

Vanquished Creatures (others)
  A foxfire (D)
1 creature vanquished.

Grand Total: 25 creatures vanquished

Notes
Turn   | Place    | Note
-------+----------+-------------------------------------------
     0 | D        | zazu2006 the Gnoll Wanderer began the quest for the Orb.
     0 | D        | zazu2006 set off with the following items: a +2 dagger, 3
                  | curare-tipped darts, a +0 scale mail, a scroll of
                  | teleportation, a potion of curing, a potion of heal wounds,
                  | a potion of haste, 2 potions of magic, a potion of berserk
                  | rage, a scroll of blinking; and the following spell
                  | memorised: Apportation; and the following spells available
                  | to memorise: Volatile Blastmotes.
     0 | D        | Reached XP level 1. HP: 13/13 MP: 6/6
    23 | D        | Reached skill level 5 in Spellcasting
    26 | D        | Reached skill level 1 in Invocations
    50 | D        | Found a bloodstained altar of Trog.
    50 | D        | Found a shimmering blue altar of Sif Muna.
    50 | D        | Found a viscous altar of Jiyva.
    50 | D        | Found a hazy altar of Hepliaklqana.
    50 | D        | Found an opulent altar of Gozag.
    51 | D        | Found a glowing golden altar of the Shining One.
    51 | D        | Found a glowing silver altar of Zin.
    51 | D        | Found a basalt altar of Yredelemnul.
    51 | D        | Found a shimmering altar of Xom.
    51 | D        | Found an ornate altar of the Wu Jian Council.
    51 | D        | Found a sacrificial altar of Ru.
    51 | D        | Found a stormy altar of Qazlal.
    51 | D        | Found an iron altar of Okawaru.
    51 | D        | Found a sparkling altar of Nemelex Xobeh.
    51 | D        | Found a burning altar of Makhleb.
    51 | D        | Found a blossoming altar of Fedhas.
    51 | D        | Found a white marble altar of Elyvilon.
    51 | D        | Found a shadowy altar of Dithmenos.
    51 | D        | Found a snail-covered altar of Cheibriados.
    53 | D        | Found a radiant altar of Vehumet.
    53 | D        | Found a corrupted altar of Lugonu.
    54 | D        | Found a hide-covered altar of Uskayaw.
    54 | D        | Found an ancient bone altar of Kikubaaqudgha.
    54 | D        | Found a broken altar of Ashenzari.
    61 | D        | Became a worshipper of Vehumet
    84 | D        | Reached skill level 1 in Fighting
    84 | D        | Reached skill level 1 in Short Blades
    84 | D        | Reached skill level 1 in Long Blades
    84 | D        | Reached skill level 1 in Axes
    84 | D        | Reached skill level 1 in Maces & Flails
    84 | D        | Reached skill level 1 in Polearms
    84 | D        | Reached skill level 1 in Staves
    84 | D        | Reached skill level 1 in Ranged Weapons
    84 | D        | Reached skill level 1 in Dodging
    84 | D        | Reached skill level 1 in Stealth
    84 | D        | Reached skill level 1 in Shields
    84 | D        | Reached skill level 1 in Unarmed Combat
    84 | D        | Reached skill level 1 in Conjurations
    84 | D        | Reached skill level 1 in Hexes
    84 | D        | Reached skill level 1 in Summonings
    84 | D        | Reached skill level 1 in Necromancy
    84 | D        | Reached skill level 1 in Fire Magic
    84 | D        | Reached skill level 1 in Ice Magic
    84 | D        | Reached skill level 1 in Air Magic
    84 | D        | Reached skill level 1 in Earth Magic
    84 | D        | Reached skill level 1 in Alchemy
    84 | D        | Reached skill level 1 in Evocations
    84 | D        | Reached skill level 1 in Shapeshifting
    84 | D        | Reached XP level 2. HP: 21/21 MP: 8/8
    90 | D        | Reached * piety under Vehumet
    90 | D        | Offered knowledge of Foxfire by Vehumet.
    95 | D        | Reached XP level 3. HP: 27/27 MP: 9/9
    97 | D        | Reached ** piety under Vehumet
   100 | D        | Learned a level 1 spell: Foxfire
   108 | D        | Offered knowledge of Shock by Vehumet.
   109 | D        | Noticed a scorpion
   123 | D        | Killed a scorpion
   124 | D        | Reached skill level 9 in Throwing
   124 | D        | Reached XP level 4. HP: 28/34 MP: 9/11
   125 | D        | Reached *** piety under Vehumet
   181 | D        | Noticed a wolf
   181 | D        | Noticed a necrophage
   190 | D        | Killed a wolf
   191 | D        | Reached XP level 5. HP: 24/42 MP: 11/13
   200 | D        | Reached XP level 6. HP: 39/48 MP: 13/15
   207 | D        | Reached **** piety under Vehumet
   208 | D        | Reached skill level 5 in Invocations
   269 | D        | Offered knowledge of Hailstorm by Vehumet.
   287 | D        | Reached skill level 5 in Fighting
   287 | D        | Reached skill level 5 in Short Blades
   287 | D        | Reached skill level 5 in Long Blades
   287 | D        | Reached skill level 5 in Axes
   287 | D        | Reached skill level 5 in Maces & Flails
   287 | D        | Reached skill level 5 in Polearms
   287 | D        | Reached skill level 5 in Staves
   287 | D        | Reached skill level 5 in Ranged Weapons
   287 | D        | Reached skill level 10 in Throwing
   287 | D        | Reached skill level 5 in Dodging
   287 | D        | Reached skill level 5 in Stealth
   287 | D        | Reached skill level 5 in Shields
   287 | D        | Reached skill level 5 in Unarmed Combat
   287 | D        | Reached skill level 5 in Evocations
   296 | D        | Reached XP level 7. HP: 36/56 MP: 17/17
   400 | D        | Offered knowledge of Frozen Ramparts by Vehumet.
   400 | D        | Reached ***** piety under Vehumet
   401 | D        | Reached skill level 5 in Translocations
   405 | D        | Noticed a komodo dragon
   429 | D        | Killed a komodo dragon
   430 | D        | Reached skill level 5 in Conjurations
   430 | D        | Reached skill level 5 in Hexes
   430 | D        | Reached skill level 5 in Summonings
   430 | D        | Reached skill level 5 in Necromancy
   430 | D        | Reached skill level 5 in Fire Magic
   430 | D        | Reached skill level 5 in Ice Magic
   430 | D        | Reached skill level 5 in Air Magic
   430 | D        | Reached skill level 5 in Earth Magic
   430 | D        | Reached skill level 5 in Alchemy
   430 | D        | Reached skill level 5 in Shapeshifting
   465 | D        | Slain by an orc warrior

Illustrated notes

Levels and vault maps discovered:
D:        pitsprint [storerooms_1, entrance_room_1, metal_vault_5, armoury_1,
          mini_pit_1, grid_room_1, main_hall_1, silver_pit, the_coven_1,
          the_vestibule_1, steel_vault_3, golden_pit, hallway_of_sentries,
          crystal_vault_2, iron_vault_1, final_vault]

Skill      XL: |  1  2  3  4  5  6  7 |
---------------+----------------------+-----
Translocations | 2 3 4 5 |  5.5
Spellcasting   | 5 6 7 |  7.9
Invocations    | 1 2 3 4 5 6 |  6.6
Fighting       | 1 2 3 4 5 6 |  6.0
Short Blades   | 1 2 3 4 5 6 |  6.0
Long Blades    | 1 2 3 4 5 6 |  6.0
Axes           | 1 2 3 4 5 6 |  6.0
Maces & Flails | 1 2 3 4 5 6 |  6.0
Polearms       | 1 2 3 4 5 6 |  6.0
Staves         | 1 2 3 4 5 6 |  6.0
Ranged Weapons | 1 2 3 4 5 6 |  6.0
Dodging        | 1 2 3 4 5 6 |  6.0
Stealth        | 1 2 3 4 5 6 |  6.0
Shields        | 1 2 3 4 5 6 |  6.0
Unarmed Combat | 1 2 3 4 5 6 |  6.0
Conjurations   | 1 2 3 4 5 |  5.0
Hexes          | 1 2 3 4 5 |  5.0
Summonings     | 1 2 3 4 5 |  5.0
Necromancy     | 1 2 3 4 5 |  5.0
Fire Magic     | 1 2 3 4 5 |  5.0
Ice Magic      | 1 2 3 4 5 |  5.0
Air Magic      | 1 2 3 4 5 |  5.0
Earth Magic    | 1 2 3 4 5 |  5.0
Alchemy        | 1 2 3 4 5 |  5.0
Evocations     | 1 2 3 4 5 6 |  6.0
Shapeshifting  | 1 2 3 4 5 |  5.5
Throwing       | 9 10 | 10.5
Armour         | 7 8 9 |  9.0

Action                     |  1- 3 |  4- 6 |  7- 9 || total
---------------------------+-------+-------+-------++-------
  Melee: Dagger            |    46 |     6 |       ||    52
         Bite              |     5 |     4 |     1 ||    10
         Punch             |       |     1 |     1 ||     2
         Long sword        |       |    29 |    33 ||    62
  Throw: Dart              |       |     1 |       ||     1
   Cast: Foxfire           |       |       |     1 ||     1
    Use: Potion            |       |     2 |     3 ||     5
         Scroll            |       |       |     1 ||     1
   Stab: Invisible         |       |       |     1 ||     1
 Armour: Scale mail        |    29 |    25 |    22 ||    76
  Dodge: Dodged            |    14 |    10 |    18 ||    42

Table legend: (Time is in decaauts)
 A = Elapsed time spent in this place.
 B = Non-inter-level travel time spent in this place.
 C = Inter-level travel time spent in this place.
 D = Time resting spent in this place.
 E = Time spent auto-exploring this place.
 F = Levels seen in this place.
 G = Mean time per level.
                   A        B        C        D        E       F      G
               +--------+--------+--------+--------+--------+-----+--------+
         Total |    476 |    345 |    131 |    117 |      0 |   1 |  476.0 |
       Dungeon |    476 |    345 |    131 |    117 |      0 |   1 |  476.0 |
               +--------+--------+--------+--------+--------+-----+--------+

Top non-repeatable levels by time:
       D: 476 daAuts
